 Dungeon Crawl Stone Soup version 0.30-a0-1008-g30c9307041 (webtiles) character file.

Game seed: 4602992704909260282

548 Persephone the Chopper (level 7, 0/41 HPs)
             Began as a Gargoyle Fighter on Apr 5, 2023.
             Was a Follower of Zin.
             Slain by a lemure (8 damage)
             ... led by Pikel
             ... on level 5 of the Dungeon.
             The game lasted 00:06:54 (2552 turns).

Persephone the Chopper (Gargoyle Fighter)           Turns: 2552, Time: 00:07:02

Health: 0/41       AC: 12    Str: 27    XL:     7   Next: 28%
Magic:  7/7        EV:  9    Int:  9    God:    Zin [*.....]
Gold:   188        SH:  4    Dex:  9    Spells: 6/6 levels left

rFire   . . .      SeeInvis .    t - +0 war axe (freeze)
rCold   . . .      Faith    .    c - +0 buckler
rNeg    + . .      Spirit   .    b - +0 scale mail
rPois   ∞          Reflect  .    d - +0 helmet
rElec   +          Rampage  .    (no cloak)
rCorr   .                        (no gloves)
Will    .....                    (no boots) Stlth
                                 l - amulet of regeneration
HPRegen 1.06/turn                e - +6 ring of strength
MPRegen 0.10/turn                (no ring)

@: no status effects
A: sickness immunity, AC +4, negative energy resistance 1, electricity
resistance, torment resistance 1, petrification resistance
a: Renounce Religion, Recite, Donate Gold


You were on level 5 of the Dungeon.
You worshipped Zin.
Zin was aware of your devotion.
You visited 2 branches of the dungeon, and saw 7 of its levels.

You collected 208 gold pieces.
You donated 20 gold pieces to Zin.

Inventory:

Hand Weapons
 t - a +0 war axe of freezing (weapon)
Armour
 b - a +0 scale mail (worn)
 c - a +0 buckler (worn)
 d - a +0 helmet (worn)
Jewellery
 e - a +6 ring of strength (left hand)
 l - an amulet of regeneration (around neck)
Wands
 j - a wand of iceblast (13)
Scrolls
 f - a scroll of enchant armour {unknown}
 i - a scroll of vulnerability {unknown}
 k - 2 scrolls of fog {unknown}
 m - a scroll of brand weapon {unknown}
 q - a scroll of torment {unknown}
 r - a scroll of teleportation {unknown}
 u - a scroll of noise {unknown}
 w - a scroll of enchant weapon {unknown}
 y - a scroll of identify {unknown}
Potions
 a - a potion of attraction {unknown}
 g - a potion of cancellation {unknown}
 h - 3 potions of curing {unknown}
 n - a potion of might
 o - a potion of berserk rage {unknown}
 p - 3 potions of magic {unknown}
 s - a potion of mutation {unknown}
 v - a potion of haste {unknown}
 x - a potion of brilliance {unknown}
 z - a potion of invisibility {unknown}


   Skills:
 - Level 3.2 Fighting
 + Level 7.1 Axes
 - Level 3.2 Armour
 - Level 3.2 Shields


You had 6 spell levels left.
You didn't know any spells.
Your spell library contained the following spells:

 Spells                   Type           Power      Damage    Failure   Level
 Summon Lightning Spire   Summ/Air       0%         N/A       100%        4
 Storm Form               Tmut/Air       0%         N/A       100%        7
 Maxwell's Capacitive Co  Air            0%         ∞         100%        8


Dungeon Overview and Level Annotations

Branches:
Dungeon (6/15)             Temple (1/1) D:5

Altars:
Ashenzari
Dithmenos
Elyvilon
Fedhas
Gozag
Makhleb
Nemelex Xobeh
Okawaru
Ru
Sif Muna
Trog
Uskayaw
Vehumet
Wu Jian
Xom
Yredelemnul
Zin


Innate Abilities, Weirdness & Mutations

You are immune to sickness and miasma.
Your stone body is resilient. (AC +4)
You are immune to poison.
You resist negative energy. (rN+)
You are resistant to electric shocks. (rElec)
You are resistant to unholy torment.
You are immune to petrification.


Message History

You are too injured to fight recklessly!
You are too injured to fight recklessly!
You are too injured to fight recklessly!
You are too injured to fight recklessly!
You are too injured to fight recklessly!
You are too injured to fight recklessly!
You are too injured to fight recklessly!
You are too injured to fight recklessly!
You are too injured to fight recklessly!
You are too injured to fight recklessly!
You are too injured to fight recklessly!
You are too injured to fight recklessly!
You are too injured to fight recklessly!
You closely miss the lemure.
The lemure is heavily wounded.
You miss the lemure. The lemure hits you. The lemure hits you!
The lemure attacks as you move away! The lemure hits you.
The lemure attacks as you move away! You block the lemure's attack.
You closely miss the lemure. The lemure hits you. The lemure barely misses you.
You hit the lemure but do no damage.
The lemure is heavily wounded.
You closely miss the lemure. The lemure barely misses you.
The lemure hits you but does no damage.
You slash the lemure! You freeze the lemure.
The lemure is severely wounded.
You hit the lemure. You freeze the lemure. The lemure closely misses you. x2
You closely miss the lemure.
The lemure is severely wounded.
You barely miss the lemure. The lemure closely misses you. The lemure hits you.
You barely miss the lemure.
The lemure is severely wounded.
You hit the lemure. You freeze the lemure. The lemure hits you.
The lemure hits you but does no damage.
You barely miss the lemure.
The lemure is severely wounded.
You hit the lemure. You freeze the lemure. The lemure hits you.
The lemure hits you!
* * * LOW HITPOINT WARNING * * *
The lemure hits you!
You die...

... . #....... ...
.##.###.###.
###.##.#<...#.###.
.................
######..≈≈≈≈.≈≈≈≈.....
........≈.......≈.....
#####.≈.§.≈≈≈.≈.###.
#..55.≈.≈...≈.≈..##.
###@#.§.§._.≈.≈.....
#.###.#.≈§≈§..≈.≈.####
#.......§§≈§≈≈≈.≈.# #
######..≈§§.§§..≈.#
##.≈≈≈≈≈≈≈≈≈.#
#...........# #
##......########
#....##......##
#....##......##


You could see 2 lemures.

Vanquished Creatures
  Edmund (D:5)
  A black bear (D:5)
  A scorpion (D:5)
  A howler monkey (D:5)
  A jelly (D:4)
  A hound (D:5)
  Jessica (D:3)
  An iguana (D:5)
  An orc wizard (D:3)
  Robin (D:2)
  An adder (D:2)
  An ufetubus (D:5)
  4 worms
  11 orcs
  3 bats (D:1)
  An endoplasm (D:1)
  3 giant cockroaches
  14 goblins
  4 hobgoblins
  3 kobolds
  6 quokkas
  2 ball pythons (D:1)
  2 frilled lizards (D:1)
  3 rats
68 creatures vanquished.

Notes
Turn   | Place    | Note
-------+----------+-------------------------------------------
     0 | D:1      | Persephone the Gargoyle Fighter began the quest for the
                  | Orb.
     0 | D:1      | Reached XP level 1. HP: 14/14 MP: 1/1
    22 | D:1      | Reached skill level 2 in Axes
    71 | D:1      | Reached XP level 2. HP: 14/19 MP: 2/2
   395 | D:1      | Reached skill level 3 in Axes
   581 | D:1      | Found a faded altar of an unknown god.
   748 | D:1      | Reached XP level 3. HP: 23/23 MP: 3/3
  1125 | D:2      | Noticed Robin
  1139 | D:2      | Reached XP level 4. HP: 28/28 MP: 4/4
  1142 | D:2      | Killed Robin
  1143 | D:2      | Reached skill level 4 in Axes
  1423 | D:3      | Noticed Jessica
  1428 | D:3      | Killed Jessica
  1441 | D:3      | Found a basalt altar of Yredelemnul.
  1610 | D:3      | Reached XP level 5. HP: 28/32 MP: 5/5
  1742 | D:4      | Reached skill level 5 in Axes
  1841 | D:4      | You fall into a shaft and drop 2 floors!
  1902 | D:5      | Entered Level 5 of the Dungeon
  1902 | D:5      | Noticed a black bear
  1921 | D:5      | Killed a black bear
  1922 | D:5      | Reached XP level 6. HP: 35/37 MP: 6/6
  1956 | D:5      | Found a glowing silver altar of Zin.
  1960 | D:5      | Became a worshipper of Zin the Law-Giver
  1960 | D:5      | Reached * piety under Zin
  1975 | D:5      | Reached skill level 6 in Axes
  1999 | D:5      | Found a broken altar of Ashenzari.
  2088 | D:5      | Found a staircase to the Ecumenical Temple.
  2088 | D:5      | Noticed Edmund
  2104 | D:5      | Killed Edmund
  2105 | D:5      | Reached skill level 7 in Axes
  2105 | D:5      | Reached XP level 7. HP: 41/41 MP: 7/7
  2111 | Temple   | Entered the Ecumenical Temple
  2500 | D:5      | Found a shimmering blue altar of Sif Muna.
  2552 | D:5      | Slain by a lemure

Illustrated notes

Levels and vault maps discovered:
D:1:      lemuel_arrival_broad_hall, layout_basic,
          hellmonk_ecumenical_altar_heavens_door
D:2:      layout_basic, uniq_robin
D:3:      layout_basic, lemuel_round_altar, overflow_temple_1_default,
          nicolae_overflow_crystal_walls, uniq_jessica
D:4:      layout_basic, tgw_kikubaaqudgha
D:5:      layout_basic, mainiacjoe_overflow_concentric_impassable,
          lemuel_tele_altar, zin_statuary, minmay_temple_entry_glassed_door,
          kennysheep_generic_room_15, uniq_pikel, uniq_edmund
D:6:      layout_loops_corners, kennysheep_generic_room_3, uniq_duvessa,
          uniq_eustachio, uniq_crazy_yiuf_cottage
Temple:   compressed_dpeg_triangle_lava_temple

Skill      XL: |  1  2  3  4  5  6 |
---------------+-------------------+-----
Axes           | 2 3 4 5 7 |  7.1
Fighting       | |  3.2
Armour         | |  3.2
Shields        | |  3.2

Action                     |  1- 3 |  4- 6 |  7- 9 || total
---------------------------+-------+-------+-------++-------
  Melee: War axe           |   114 |    97 |    14 ||   225
    Use: Potion            |     1 |       |       ||     1
 Armour: Scale mail        |    42 |    58 |     6 ||   106
  Dodge: Dodged            |    69 |    52 |     6 ||   127
  Block: Buckler           |    24 |    21 |     4 ||    49

Table legend: (Time is in decaauts)
 A = Elapsed time spent in this place.
 B = Non-inter-level travel time spent in this place.
 C = Inter-level travel time spent in this place.
 D = Time resting spent in this place.
 E = Time spent auto-exploring this place.
 F = Levels seen in this place.
 G = Mean time per level.
                   A        B        C        D        E       F      G
               +--------+--------+--------+--------+--------+-----+--------+
         Total |   2624 |   2568 |     56 |      0 |   2033 |   7 |  374.9 |
       Dungeon |   2445 |   2404 |     41 |      0 |   1881 |   6 |  407.5 |
        Temple |    178 |    163 |     15 |      0 |    152 |   1 |  178.0 |
               +--------+--------+--------+--------+--------+-----+--------+

Top non-repeatable levels by time:
     D:1: 957 daAuts
     D:2: 512 daAuts
     D:5: 487 daAuts
     D:3: 320 daAuts
  Temple: 178 daAuts
     D:4: 107 daAuts
     D:6: 60 daAuts
